Cogmind - Beta 15 @@@ ROGUE MODE // 2025.05.19 @ 21:59:57 Player: DuckBoy Result: Destroyed by 7N-U6J(R) with Subdweller Machine Gun Performance ------------- Evolutions (0) 0 Regions Visited (2) 400 Robots Destroyed (30) 150 Value Destroyed (641) 641 Prototype IDs (2) 40 Alien Tech Used (0) 0 Bonus (0) 0 TOTAL SCORE: 1231 Bonus ------- None Cogmind --------- Core Integrity 0/250 Matter 233/300 Energy 37/100 System Corruption 0% Temperature Cool (0) Movement Core (800) Ox15 Location -10/Subcaves Parts ------- > --- POWER (1) -------- (None) > --- PROPULSION (2) --- (None) > --- UTILITY (2) ------ High-capacity Storage Unit Subdweller Optics > --- WEAPON (2) ------- Medium Laser Medium Laser > --- INVENTORY (20) --- Arachnoskeleton Wheel Compact Wheel Datajack Peak State ------------ > --- POWER ------------ Ion Engine > --- PROPULSION ------- Light Treads Spiked Treads > --- UTILITY ---------- High-capacity Storage Unit Subdweller Optics > --- WEAPON ----------- Medium Laser Grenade Launcher > --- INVENTORY -------- Ion Engine Arachnoskeleton Wheel Compact Wheel Medium Laser Medium Laser Beam Cannon Beam Cannon Subdweller Machine Gun Datajack [Rating: 12] Favorites ----------- Power Light Ion Engine Engine Light Ion Engine Propulsion Light Treads Treads Light Treads Wheel Wheel Utility Heat Sink Device Heat Sink Storage High-capacity Storage Unit Weapon Medium Laser Energy Gun Medium Laser Energy Cannon Beam Cannon Ballistic Gun Subdweller Machine Gun Launcher Grenade Launcher Special Melee Weapon Datajack Build | -11 -10 -10 ------- Run | Yrd Mat Sub Slots Evolved . | . . . Power . | . . . Propulsion . | . . . Utility . | . . . Weapon . | . . . Parts Attached 21 | 5 5 11 Power 3 | 1 . 2 Engine 3 | 1 . 2 Core . | . . . Reactor . | . . . Propulsion 4 | 2 . 2 Treads 3 | 2 . 1 Leg . | . . . Wheel 1 | . . 1 Hover . | . . . Flight . | . . . Utility 5 | 1 3 1 Device 2 | . 1 1 Storage 3 | 1 2 . Processor . | . . . Hackware . | . . . Protection . | . . . Artifact . | . . . Weapon 9 | 1 2 6 Energy Gun 3 | 1 1 1 Energy Cannon 2 | . . 2 Ballistic Gun 1 | . . 1 Ballistic Cannon . | . . . Launcher 2 | . . 2 Special Weapon . | . . . Impact Weapon . | . . . Slashing Weapon . | . . . Piercing Weapon . | . . . Special Melee Weapon 1 | . 1 . Unidentified Prototypes . | . . . Parts Lost 13 | . . 13 Power 3 | . . 3 Propulsion 3 | . . 3 Utility 1 | . . 1 Weapon 6 | . . 6 Highest Loss Streak 9 | . . 9 To Critical Strikes . | . . . Average Backups 8 | 3 8 9 Power 1 | . 1 1 Propulsion 2 | 1 2 2 Utility . | . . . Weapon 3 | 1 3 4 Tool/Special . | . . . Unused Backups 3 | . 1 2 Power . | . . . Propulsion 2 | . . 2 Utility . | . . . Weapon 1 | . 1 . Tool/Special . | . . . Average Slot Usage (%) 96 | . 97 94 Engine 13 | . 14 12 Treads 27 | . 28 24 Device 12 | . 12 12 Storage 14 | . 14 14 Energy Gun 23 | . 26 8 Launcher 3 | . . 17 Peak Build Rating 12 | 5 8 12 Average Rating 7 | 4 7 9 On Entrance 4 | . 5 8 Naked Turns . | . . . Heaviest Build 53 | 10 48 53 Greatest Support 40 | 40 40 40 Greatest Overweight (x) 4 | . 1 4 Average Overweight (x) . | . . 1 Largest Inventory Capacity 20 | 8 20 20 Average Capacity 15 | 7 15 20 Most Carried 13 | 5 10 13 Average Carried 8 | 3 8 10 Final Capacity 20 | 8 20 20 Final Carried 10 | 5 10 6 Class Distribution -------------------- 100% | Mutant Dominant Class ---------------- Mutant | -10/Materials Mutant | -10/Subcaves Resources | -11 -10 -10 ----------- Run | Yrd Mat Sub Matter Collected 410 | 249 61 100 Remotely . | . . . Salvage Created 801 | . 694 107 Parts 46 | . 42 4 Haulers Intercepted 2 | . 2 . Recyclers Shooed . | . . . Parts Field Recycled . | . . . Retrieved Matter . | . . . Parts Self-Destructed 8 | . . 8 Prevented . | . . . Kills | -11 -10 -10 ------- Run | Yrd Mat Sub Combat Hostiles Destroyed 19 | . 14 5 Guns 13 | . 12 1 AOE 4 | . . 4 Classes Destroyed 8 | . 7 1 Worker 2 | . 2 . Builder 2 | . 2 . Hauler 2 | . 2 . Operator 2 | . 2 . Watcher 3 | . 3 . Swarmer 6 | . 6 . Grunt 8 | . 8 . Subdweller 5 | . . 5 Best Kill Streak 5 | . 5 4 Combat Bots Only 4 | . 3 4 Max Kills in Single Turn 2 | . 1 2 Gunslinging . | . . . Exploded 2 | . . 2 Melee . | . . . Uniques/NPCs Destroyed . | . . . Combat | -11 -10 -10 -------- Run | Yrd Mat Sub Hostile Shots Fired 100 | . 48 52 Missed 20 | . 9 11 Hits 80 | . 39 41 Projectile 80 | . 39 41 AOE 3 | . . 3 Damage Taken 1479 | . 415 1064 Core 269 | . 115 154 Absorbed by Shields . | . . . Core Remaining (%) 100 | 100 . . Volleys Fired 75 | . 62 13 Largest 2 | . 2 2 Hottest 120 | . 100 120 Shots Fired 147 | . 124 23 Gun 131 | . 124 7 Cannon 9 | . . 9 Launcher 7 | . . 7 Special . | . . . Kinetic 1 | . . 1 Thermal 139 | . 124 15 Explosive 7 | . . 7 Electromagnetic . | . . . Robot Hit Streak 22 | . 10 22 Robot Miss Streak 4 | . 4 1 Penetration Max . | . . . Secondary Targets 1 | . 1 . Max Gunslinging Chain 1 | . 1 . Shots Hit Robots 103 | . 84 19 Core Hits 43 | . 34 9 Critical Kills . | . . . Critical Parts Destroyed . | . . . Critical Strikes 11 | . 11 . Burn 11 | . 11 . Melee Attacks 2 | . 1 1 Impact . | . . . Slashing . | . . . Piercing . | . . . Sneak Attacks . | . . . Combat Hostiles . | . . . Follow-up Attacks . | . . . Damage Inflicted 1908 | . 1076 832 Guns 1119 | . 1074 45 Cannons 105 | . . 105 Explosions 682 | . . 682 Melee . | . . . Ramming 2 | . 2 . Kinetic 21 | . . 21 Thermal 1203 | . 1074 129 Explosive 682 | . . 682 Electromagnetic . | . . . Impact . | . . . Slashing . | . . . Piercing . | . . . Highest Corruption . | . . . Average Corruption . | . . . Corruption Purged . | . . . Corruption Blocked . | . . . Overload Shots . | . . . Overflow Damage . | . . . Projectiles . | . . . Explosions . | . . . Melee . | . . . Knockbacks . | . . . Impact . | . . . Kinetic . | . . . Secondary . | . . . Self-Inflicted Damage . | . . . Shots . | . . . Rammed . | . . . Targets Rammed 1 | . 1 . Kicked . | . . . Crushed 1 | . 1 . Highest Temperature 207 | . 207 30 Average Temperature 39 | . 41 12 Received Heat Transfer 270 | . 177 93 Siege Activations . | . . . Martial Activations . | . . . Shielding Activations . | . . . Robots Disrupted . | . . . Combat Hostiles . | . . . Robots Corrupted . | . . . Combat Hostiles . | . . . Parts Fried . | . . . Impact Corruptions . | . . . Robots Melted 2 | . 2 . Combat Hostiles 2 | . 2 . Parts Melted 12 | . 12 . Heat Transferred 4292 | . 3996 296 Parts Sabotaged . | . . . Parts Stolen . | . . . Parts Stripped . | . . . Power Chain Reactions . | . . . Alert | -11 -10 -10 ------- Run | Yrd Mat Sub Maximum Alert Level . | . . . Low Security (%) 100 | 100 100 . Level 1 . | . . . Level 2 . | . . . Level 3 . | . . . Level 4 . | . . . Level 5 . | . . . High Security . | . . . Max Security . | . . . Peak Influence 122 | . 122 . Initial . | . . . Average 37 | . 38 . Influence Increases 493 | . 493 . Destroy 0b10 Robot/C 280 | . 280 . Destroy 0b10 Robot/NC 55 | . 55 . Destroy Leader 70 | . 70 . Successful Hack 43 | . 43 . Select Force Hacks 30 | . 30 . Lose Combat Pursuer 15 | . 15 . Influence Decreases 493 | . 493 . Time Decay 489 | . 489 . Purge Threat 4 | . 4 . Squads Dispatched 3 | . 3 . Investigation 1 | . 1 . Extermination . | . . . Reinforcement 2 | . 2 . Assault . | . . . Garrison . | . . . Intercept . | . . . Searches Triggered . | . . . Construction Impeded . | . . . Haulers Reinforced . | . . . Active Scanning Responses . | . . . Cargo Convoy Interrupts . | . . . Stealth | -11 -10 -10 --------- Run | Yrd Mat Sub Distress Signals 2 | . 2 . Communications Jammed . | . . . Distress Signals . | . . . Times Spotted 30 | . 24 6 Peak Tracking Total 4 | . 4 3 Tactical Retreats 1 | . 1 . Traps | -11 -10 -10 ------- Run | Yrd Mat Sub Traps Triggered . | . . . Indirectly . | . . . Trap Hack Attempts 5 | . 5 . Triggered . | . . . Disarmed 2 | . 2 . Reprogrammed . | . . . Reused . | . . . Traps Extracted . | . . . Installed . | . . . Triggered . | . . . Machines | -11 -10 -10 ---------- Run | Yrd Mat Sub Machines Disabled . | . . . Max in Single Turn . | . . . Machines Repaired . | . . . Machines Dismantled . | . . . Machines Sabotaged . | . . . Overloaded Fab Kills . | . . . Hacking | -11 -10 -10 --------- Run | Yrd Mat Sub Machines Accessed 8 | . 8 . Terminals 7 | . 7 . Fabricators . | . . . Repair Stations . | . . . Recycling Units 1 | . 1 . Scanalyzers . | . . . Garrison Access . | . . . Total Hacks 18 | . 18 . Successful 10 | . 10 . Failed 8 | . 8 . Catastrophic 1 | . 1 . Database Lockouts . | . . . Manual 8 | . 8 . Terminals 16 | . 16 . Fabricators . | . . . Repair Stations . | . . . Recycling Units 2 | . 2 . Scanalyzers . | . . . Garrison Access . | . . . Terminal Hacks 7 | . 7 . Prototype ID Bank 1 | . 1 . Terminal Index 1 | . 1 . Unreport Threat 1 | . 1 . Registered Components 1 | . 1 . Registered Prototypes 1 | . 1 . Zone Layout 2 | . 2 . Fabricator Hacks . | . . . Repair Station Hacks . | . . . Recycling Unit Hacks . | . . . Scanalyzer . | . . . Garrison Access Hacks . | . . . Unauthorized Hacks 3 | . 3 . Terminals 2 | . 2 . Botnet 1 | . 1 . Operators 1 | . 1 . Fabricators . | . . . Repair Stations . | . . . Recycling Units 1 | . 1 . Tunnel 1 | . 1 . Scanalyzers . | . . . Garrison Access . | . . . Data Cores Recovered . | . . . Used . | . . . Hacking Detections 6 | . 6 . Full Trace Events . | . . . Feedback Events . | . . . Feedback Blocked . | . . . Robot Schematics Acquired . | . . . Robots Built . | . . . Authchips . | . . . Time . | . . . Total Robot Build Rating . | . . . Part Schematics Acquired . | . . . Parts Built . | . . . Authchips . | . . . Time . | . . . Total Part Build Rating . | . . . Parts Repaired . | . . . Time . | . . . Parts Recycled . | . . . Recycled Matter . | . . . Retrieved Matter . | . . . Retrieved Components . | . . . Parts Scanalyzed . | . . . Part Schematics Acquired . | . . . Parts Damaged . | . . . Bothacking | -11 -10 -10 ------------ Run | Yrd Mat Sub Used RIF Installer . | . . . Robots Hacked 2 | . 1 1 Non-combat 1 | . 1 . Combat 1 | . . 1 Robot Hacks Applied 2 | . 1 1 parse_system 2 | . 1 1 Relay Couplers Released . | . . . Fabnet Peak Effective % . | . . . Robots Rewired . | . . . Allies Hacked . | . . . Hacks Repelled . | . . . Allies | -11 -10 -10 -------- Run | Yrd Mat Sub Total Allies . | . . . Largest Group . | . . . Highest-Rated Group . | . . . Highest-Rated Ally . | . . . Total Orders . | . . . Ally Attacks . | . . . Total Damage . | . . . Kills . | . . . Allies Corrupted . | . . . Allies Melted . | . . . Intel | -11 -10 -10 ------- Run | Yrd Mat Sub Active Infowar (turns) 180 | . . 180 Optics 180 | . . 180 Robot Analysis Total . | . . . Derelict Logs Recovered . | . . . Drone Launches . | . . . Drone Recoveries . | . . . Exploration | -11 -10 -10 ------------- Run | Yrd Mat Sub Turns Passed 2349 | 76 1815 458 Spaces Moved 908 | 44 688 176 Core 5 | 5 . . Treads 874 | 39 688 147 Legs . | . . . Wheels 29 | . . 29 Hover . | . . . Flight . | . . . Fastest Speed 50 | 50 160 140 Average Speed 203 | 147 200 226 Slowest Speed 360 | 160 240 360 Overloaded Moves . | . . . Propulsion Burnouts . | . . . Robots Hopped . | . . . Potential Cave-ins . | . . . Cave-ins Triggered . | . . . Exploration Rate (%) 35 | 4 91 12 Regions Visited 2 Branch Regions 1 Pre-discovered Areas 1 | . 1 . Known Exits Taken . | . . . Unknown Exits Taken 2 | 1 1 . Scrap Searched 2 | . . 2 Spaces Dug . | . . . Terrain Destroyed 26 | . . 26 Melee . | . . . Projectile . | . . . AOE 26 | . . 26 Terrain Rammed . | . . . Walls Destroyed . | . . . Machines Disabled . | . . . Actions | -11 -10 -10 --------- Run | Yrd Mat Sub Total 1263 | 53 1001 209 Wait 228 | . 228 . Move 906 | 43 687 176 Hop . | . . . Pick Up 15 | 5 8 2 Fast Attach 8 | 5 1 2 Attach 10 | . 1 9 Detach 1 | . . 1 Swap 9 | . 4 5 Drop 3 | . 3 . Fire 75 | . 62 13 Melee 2 | . 1 1 Ram . | . . . Kick . | . . . Crush 1 | . 1 . Escape Stasis . | . . . Rewire . | . . . Trap 5 | . 5 . Miscellaneous . | . . . Route ------- -11/Scrapyard -10/Materials (discovered 5 exits: [*Mat x2] / [*Min x2] / [*Sub]) -10/Subcaves History --------- Turn | Location | Event 11 | -11/Scrapyard | Discovered new exit (range 15) 77 | -11/Scrapyard | Entered Materials 281 | -10/Materials | Discovered new exit (range 16) 310 | -10/Materials | Build established: Mutant 885 | -10/Materials | Discovered new exit (range 13) 1168 | -10/Materials | Discovered new exit (range 16) 1598 | -10/Materials | Discovered new exit (range 16) 1848 | -10/Materials | Discovered new exit (range 9) 1892 | -10/Materials | Entered Subcaves 2133 | -10/Subcaves | A Subdweller sparked back to life 2133 | -10/Subcaves | A Subdweller sparked back to life 2133 | -10/Subcaves | A Subdweller sparked back to life 2161 | -10/Subcaves | Found Prototype Leg 2172 | -10/Subcaves | Lost 4 parts (1p1n1u1w) 2301 | -10/Subcaves | Visited 4L-MR0's lab 2326 | -10/Subcaves | Core integrity fell below 50% 2341 | -10/Subcaves | Core integrity fell below 20% 2350 | -10/Subcaves | Destroyed by 7N-U6J(R) with Subdweller Machine Gun Last Messages --------------- 02189_ Found Shrapnel Trap. 02189_ Found Spk. Treads. 02189_ Found 53 Matter. 02190_ Acquired 47 matter. 02193_ Acquired Spk. Treads. 02303_ Grenade Launcher destroyed. 02310_ Sub. Machine Gun destroyed. 02321_ Lgt. Treads destroyed. 02331_ Beam Cannon destroyed. 02332_ Med. Laser destroyed. 02334_ VW-PLV(R) destroyed. 02335_ Subatomizers dissect the Sub. Beam Cannon. 02336_ Ion Engine destroyed. 02338_ Beam Cannon destroyed. 02339_ Spk. Treads destroyed. 02344_ Jacked 7N-U6J(R)... >>parse_system Reading system data... 02348_ Ion Engine destroyed. 02350_ Subatomizers dissect the Sub. Beam Cannon. Map ----- +----------------------------------------------------+ | ?????????????????????### & ## ##??????? | | ?????????????????????# & ## ##?????? | | ?????????????????????# # # ##### ##????? | | ?????????????????????## # ##?## %#????? | | ??????????????????????# ""#??## #????? | | ??????????????????????#### # #???# #????? | | ?????????????????????????### #???# #????? | | ???????????????????????????# " #???# #????? | | ???????????????????????????##" "" #???# #????? | | ???????????????????????????##"" " ###???# #????? | | ???????????????????????????# ###?????# #????? | | ???????????????????????????# #???????# #????? | | ???????????????????????????# ##??????## #????? | | ??????????????????????###### ##??????# ##???? | | ???????????????????##?# % ##### #??????## #???? | | ??????????????????? !?### "### #?????#### #???? | | ???????????????????""#### ## ###?### # ##???? | | ??????????????????## ##" ###< ### #????? | | ???????????????????" ### # < #????? | | ??????????????????#"" #?# ## #????? | | ??????????????????#"X #?# ##### ##????? | | ???????????????????"" #?# #" ##???# #????? | | ???????????????????? #### ## #????## #????? | | ????????????????????? ## <# ##????## ##????? | | ?????????????????????#+## <## ##???## #????? | | ?????????????????????# #;@ ## ##### #????? | | ?????????????????????#